 Dungeon Crawl Stone Soup version 0.23-a0-106-g63f3d0b (webtiles) character file.

177 galech the Chopper (level 5, 63/63 HPs)
             Began as a Demonspawn Berserker on Aug 20, 2018.
             Was a Follower of Trog.
             Quit the game on level 2 of the Dungeon.
             The game lasted 00:01:41 (1085 turns).

galech the Chopper (Demonspawn Berserker)           Turns: 1085, Time: 00:01:42

Health: 63/63      AC: 10    Str: 22    XL:     5   Next: 31%
Magic:  5/5        EV:  8    Int:  8    God:    Trog [*.....]
Gold:   118        SH:  8    Dex: 14    Spells: 4/4 levels left

rFire    . . .     SeeInvis .   a - +0 hand axe
rCold    . . .     Gourm    .   g - +0 shield
rNeg     . . .     Faith    .   o - +0 scale mail
rPois    .         Spirit   .   (no helmet)
rElec    .         Reflect  .   (no cloak)
rCorr    .         Harm     .   m - +0 pair of gloves
MR       .....                  (no boots)
Stlth    ..........             (no amulet)
HPRegen  0.20/turn              (no ring)
MPRegen  0.09/turn              (no ring)

@: berserking (expiring), very quick
A: hooves 1, molten scales 2
a: Berserk, Renounce Religion


You were on level 2 of the Dungeon.
You worshipped Trog.
Trog was aware of your devotion.
You were very hungry.

You visited 1 branch of the dungeon, and saw 2 of its levels.

You collected 118 gold pieces.

Inventory:

Hand Weapons
 a - a +0 hand axe (weapon)
Armour
 g - a +0 shield (worn)
 m - a +0 pair of gloves (worn)
 o - a +0 scale mail (worn)
Scrolls
 f - a scroll of teleportation {unknown}
 h - a scroll of enchant armour {unknown}
 l - a scroll of immolation {unknown}
Potions
 b - a potion of lignification {unknown}
 d - a potion of mutation {unknown}
 e - a potion of ambrosia {unknown}
 i - 2 potions of heal wounds {unknown}
 k - a potion of curing {unknown}
Comestibles
 c - 3 rations
 n - 10 chunks of flesh


   Skills:
 + Level 3.8 Fighting
 + Level 4.2 Axes
 + Level 2.3 Armour
 + Level 2.5 Dodging
 + Level 0.5 Shields


You had 4 spell levels left.
You didn't know any spells.
Your spell library was empty.

Dungeon Overview and Level Annotations

Branches:
Dungeon (2/15)

Altars:


Innate Abilities, Weirdness & Mutations

You have large cloven feet.
You are mostly covered in molten scales. (AC +3)


Message History

You have reached level 5!
Your demonic ancestry asserts itself...
Molten scales spread over more of your body.
You barely miss the goblin.
The goblin unwields an uncursed hunting sling.
The goblin hits you but does no damage.
You hit the goblin.
You kill the goblin!
Trog accepts your kill.
Things that are here:
an uncursed hunting sling; 29 stones; a goblin corpse You butcher the goblin corpse.
You feel a strong urge to attack something.
n - 10 chunks of flesh (gained 3)
Things that are here:
an uncursed hunting sling; 29 stones; a goblin skeleton
Things that are here:
a scythe; a robe There isn't anything to butcher here.
Are you sure you want to abandon this character and quit the game? (Confirm with "yes".)

###...).###.#
#...### #.# #..##
#.# #..######.#
###+###
#.........#
####.....#
##.########
.......#.# #.#
#...#.# #.#
##...@.# #.#
#....).######.#
.........(......#
.###...#.########
#...#%# #.....#
.....### #####.
#.


There were no monsters in sight!

Vanquished Creatures
  Sigmund (D:2)
  An adder (D:2)
  A worm (D:2)
  A leopard gecko (D:1)
  A bat (D:1)
  A giant cockroach (D:2)
  3 goblins
  3 hobgoblins (D:2)
  A frilled lizard (D:2)
  2 kobolds (D:2)
  2 rats
17 creatures vanquished.

Notes
Turn   | Place    | Note
-------+----------+-------------------------------------------
     0 | D:1      | galech the Demonspawn Berserker began the quest for the Orb.
     0 | D:1      | Reached XP level 1. HP: 18/18 MP: 1/1
   668 | D:2      | Reached skill level 3 in Axes
   668 | D:2      | Gained mutation: You are partially covered in molten scales. (AC +2) [demonic ancestry]
   668 | D:2      | Reached XP level 2. HP: 24/24 MP: 2/2
  1073 | D:2      | Noticed Sigmund
  1079 | D:2      | Killed Sigmund
  1079 | D:2      | Reached skill level 4 in Axes
  1079 | D:2      | Gained mutation: You have large cloven feet. [demonic ancestry]
  1079 | D:2      | Reached XP level 3. HP: 30/30 MP: 3/3
  1079 | D:2      | Reached XP level 4. HP: 37/37 MP: 4/4
  1079 | D:2      | Gained mutation: You are mostly covered in molten scales. (AC +3) [demonic ancestry]
  1079 | D:2      | Reached XP level 5. HP: 42/42 MP: 5/5
  1085 | D:2      | Quit the game

Vault maps used:
D:1:      saegor_arrival_under_anarchy
D:2:      first_ration, uniq_sigmund

Skill      XL: |  1  2 |
---------------+-------+-----
Axes           | 3 4 |  4.2
Dodging        | 2 |  2.5
Armour         | 2 |  2.3
Fighting       | |  3.8
Shields        | |  0.5

Action                   |  1- 3 |  4- 6 || total
-------------------------+-------+-------++-------
Melee: Hand axe          |    68 |     1 ||    69
Invok: Berserk           |     3 |       ||     3
  Eat: Chunk             |     2 |       ||     2
Armor: Animal skin       |     6 |       ||     6
       Leather armour    |    13 |       ||    13
       Scale mail        |     2 |     1 ||     3
Dodge: Dodged            |    24 |       ||    24
Block: Shield            |    23 |       ||    23

Table legend:
 A = Non-vault XP
 B = Vault XP
 C = Vault XP percentage of total XP
 D = Non-vault monster count
 E = Vault monster count
 F = Vault count percentage of total count
                 A         B        C        D         E       F
            +---------+---------+-------+---------+---------+-------
      Total |      42 |     212 |  83.5 |      16 |       1 |   5.9
            +---------+---------+-------+---------+---------+-------
        D:1 |       8 |       0 |   0.0 |       4 |       0 |   0.0
        D:2 |      34 |     212 |  86.2 |      12 |       1 |   7.7
            +---------+---------+-------+---------+---------+-------
